 Dungeon Crawl Stone Soup version 0.13.1-2-gfb2c2b7 (webtiles) character file.

222 Lilouch the Firebug (level 4, 0/33 HPs)
             Began as a Ghoul Fire Elementalist on Dec 3, 2013.
             Killed from afar by an orc wizard (6 damage)
             ... with a magic dart
             ... on Level 3 of the Dungeon.
             The game lasted 00:18:00 (2584 turns).

Lilouch the Firebug (Ghoul Fire Elementalist)       Turns: 2584, Time: 00:18:00

HP   0/33        AC  2     Str 11      XL: 4   Next: 45%
MP   6/6         EV 12     Int 11      God:
Gold 138         SH  0     Dex  9      Spells:  2 memorised,  2 levels left

Res.Fire  : . . .   See Invis. : .   (no weapon)
Res.Cold  : + . .   Warding    : .   a - +0 robe
Life Prot.: + + +   Conserve   : .   (no shield)
Res.Poison: +       Res.Corr.  : .   (no helmet)
Res.Elec. : .       Clarity    : .   (no cloak)
Sust.Abil.: . .     Spirit.Shd : .   (no gloves)
Res.Mut.  : .       Stasis     : .   (no boots)
Res.Rott. : +       Flight     : .   (no amulet)
Saprovore : + + +                    (no ring)
                                     (no ring)

@: rotting, slightly resistant to hostile enchantments, unstealthy
A: rotting body, claws 1, carnivore 3, cold resistance 1, life protection 3,
poison resistance, saprovore 3, slow healing 1, torment resistance, unbreathing
a: no special abilities


You were on level 3 of the Dungeon.
You were not hungry.

You visited 1 branch of the dungeon, and saw 3 of its levels.

You collected 118 gold pieces.

Inventory:

Hand weapons
 m - a +0,+0 sling
 v - a +0,+1 orcish dagger
 w - a +2,+0 elven dagger
 A - a -1,+0 orcish dagger
 D - a -1,+0 orcish dagger
 F - a +0,+0 dagger
 H - a -1,+1 orcish dagger (quivered)
 I - a +0,+0 dagger
Missiles
 c - 7 needles of confusion
 j - 14 poisoned needles
 q - 3 needles of frenzy
Armour
 a - a +0 robe (worn)
Magical devices
 k - a wand of enslavement (5)
 s - a wand of confusion (13)
 y - a wand of polymorph (11)
Comestibles
 g - 3 meat rations
 o - a rotting chunk of rat flesh
 r - a chunk of bat flesh
 C - 2 rotting chunks of orc flesh
 E - a chunk of adder flesh
Scrolls
 f - a scroll of teleportation {unknown}
 h - 2 scrolls of remove curse {unknown}
 i - a scroll of curse armour {unknown}
 n - a scroll of enchant weapon I {unknown}
 x - a scroll of magic mapping {unknown}
 B - a scroll of curse weapon {unknown}
 G - a scroll of identify {unknown}
Potions
 d - a potion of heal wounds {unknown}
 e - a potion of restore abilities {unknown}
 l - a potion of degeneration {unknown}
 p - 2 potions of slowing {unknown}
 t - a potion of resistance {unknown}
 u - a potion of confusion {unknown}
 z - a potion of curing {unknown}
Books
 b - a book of Flames

   Spells                             Type                      Level
   *Flame Tongue                      Conjuration/Fire             1
   *Throw Flame                       Conjuration/Fire             2
   Conjure Flame                      Conjuration/Fire             3
   Inner Flame                        Hexes/Fire                   3
   Sticky Flame                       Conjuration/Fire             4
   Fireball                           Conjuration/Fire             5


   Skills:
 - Level 1.7 Dodging
 - Level 2.1 Stealth
 + Level 1.4 Spellcasting
 + Level 1.6 Conjurations
 * Level 3.6 Fire Magic


You had 2 spell levels left.
You knew the following spells:

 Your Spells              Type           Power        Failure   Level  Hunger
a - Flame Tongue          Conj/Fire      #....        12%         1    ##.....
b - Throw Flame           Conj/Fire      #.....       17%         2    ###....


Dungeon Overview and Level Annotations

Branches:
Dungeon (3/27)

Altars:

Annotations:
D:3 Grinder, Sigmund


Innate Abilities, Weirdness & Mutations

Your body is rotting away.
You have sharp fingernails.
You are carnivorous and can eat meat at any time.
Your flesh is cold resistant.
You are immune to negative energy.
Your system is resistant to poisons.
You thrive on rotten meat.
You heal slowly.
You are immune to unholy pain and torment.
You can survive without breathing.


Message History

Sigmund laughs darkly.
Ouch! Sigmund closely misses you.
Ouch! You feel less confused. Sigmund barely misses you.
The hobgoblin shouts!
A quokka comes into view.
The orc wizard shouts!
Sigmund laughs darkly.
The orc wizard casts a spell at you. The puff of flame misses you.
The orc wizard casts a spell at you. The magic dart hits you!
* * * LOW HITPOINT WARNING * * *
You smell something rotten. (slot o) Sigmund points at you and mumbles some strange words.
You resist.
The orc wizard gestures at you while chanting.
The magic dart hits you!
You die...

#.#.##...# #....@.....
#.#.##...# #o####...##
#.#.###### #.# #....#
####.#.#########.####....#
#.....@#.......@......(..g
#......#.###.o.#.#########
#......#...#...#.# #
##...#.#......##.#########
###.%...@..........5..@..
#.#.#.##....#.########.
#.#.#.###......# ..
#.#.#.# #......# ...
#.#.#....#.............
#.#.#....#...o#........
#.#.#....##.#.#.######.
#.#.#.### #.#.#.. .. #...
. #.#.#### ..


You could see Sigmund and an orc wizard.

Vanquished Creatures
  3 adders
  2 worms (D:2)
  2 giant geckos (D:1)
  2 orcs (D:3)
  3 bats
  A giant cockroach (D:2)
  5 hobgoblins
  3 kobolds
  A quokka (D:2)
  2 ball pythons (D:1)
  2 giant newts
  8 goblins
  6 rats
40 creatures vanquished.

Notes
Turn   | Place    | Note
--------------------------------------------------------------
     0 | D:1      | Lilouch, the Ghoul Fire Elementalist, began the quest for the Orb.
     0 | D:1      | Reached XP level 1. HP: 14/14 MP: 3/3
    71 | D:1      | Reached skill level 1 in Conjurations
   368 | D:1      | Reached XP level 2. HP: 18/18 MP: 1/4
  1117 | D:2      | Reached skill level 3 in Fire Magic
  1245 | D:2      | Reached XP level 3. HP: 26/26 MP: 1/5
  1282 | D:2      | Learned a level 2 spell: Throw Flame
  1980 | D:2      | Reached XP level 4. HP: 23/32 MP: 0/6
  2288 | D:3      | Noticed Sigmund
  2525 | D:3      | Noticed Grinder
  2537 | D:3      | Paralysed by Grinder for 3 turns
  2543 | D:3      | Paralysed by Grinder for 4 turns
  2584 | D:3      | Killed from afar by an orc wizard

Action                   |  1- 3 |  4- 6 || total
-------------------------+-------+-------++-------
Melee: Unarmed           |     2 |     9 ||    11
Throw: Dagger            |    39 |     5 ||    44
 Cast: Flame Tongue      |    59 |    20 ||    79
       Throw Flame       |     2 |       ||     2
Evoke: Wand              |     7 |       ||     7
